 Dungeon Crawl Stone Soup version 0.18.1-1-g2f07953 (webtiles) character file.

102 Chiseanne the Magician (level 4, -13/30 HPs)
             Began as a Demonspawn Wizard on May 6, 2016.
             Was an Initiate of Gozag.
             Mangled by a gnoll
             ... wielding a +0 halberd
              (15 damage)
             ... on level 2 of the Dungeon.
             The game lasted 00:08:47 (4557 turns).

Chiseanne the Magician (Demonspawn Wizard)          Turns: 4557, Time: 00:08:47

Health: -13/30     AC: 10    Str:  7    XL:     4   Next: 49%
Magic:  0/10       EV: 12    Int: 20    God:    Gozag
Gold:   113        SH:  0    Dex: 12    Spells: 4 memorised, 3 levels left

rFire  . . .     SeeInvis .     m - +1 dagger (protect)
rCold  . . .     Gourm    .     a - +1 robe
rNeg   . . .     Faith    .     (no shield)
rPois  .         Spirit   +     b - +1 hat
rElec  .         Dismiss  .     (no cloak)
rCorr  .         Reflect  .     n - +0 pair of gloves
SustAt .         Harm     .     (no boots)
MR     .....                    (no amulet)
Stlth  ++........               (no ring)
                                (no ring)

@: repel missiles, not resistant to hostile enchantments, unstealthy
A: magic shield
a: Potion Petition, Call Merchant, Bribe Branch, Renounce Religion


You were on level 2 of the Dungeon.
You worshipped Gozag.
Gozag was noncommittal.
You were not hungry.

You visited 1 branch of the dungeon, and saw 3 of its levels.

You collected 138 gold pieces.
You paid 25 gold pieces to Gozag.

Inventory:

Hand Weapons
 m - a +1 dagger of protection (weapon)
Missiles
 e - 111 stones (quivered)
 g - 6 poisoned needles
 j - 25 arrows
 k - 48 sling bullets
 q - 4 needles of frenzy
Armour
 a - a +1 robe (worn)
 b - a +1 hat (worn)
 n - a +0 pair of gloves (worn)
Jewellery
 h - an uncursed ring of protection from cold
Scrolls
 p - a scroll of immolation
Potions
 o - a potion of flight
 s - a potion of magic {unknown}
Books
 c - a book of Minor Magic

   Spells                             Type                      Level
   a - Magic Dart                     Conjuration                  1
   b - Blink                          Translocation                2
   c - Call Imp                       Summoning                    2
   d - Repel Missiles                 Charms/Air                   2
   e - Slow                           Hexes                        2
   f - Conjure Flame                  Conjuration/Fire             3
   g - Mephitic Cloud                 Conjuration/Poison/Air       3
Comestibles
 d - a bread ration
 f - a meat ration


   Skills:
 - Level 1.7 Dodging
 - Level 1.7 Stealth
 * Level 4.0 Spellcasting
 * Level 3.3 Conjurations
   Level 1.0 Summonings
 - Level 0.8 Translocations


You had 3 spell levels left.
You knew the following spells:

 Your Spells              Type           Power        Failure   Level  Hunger
a - Magic Dart            Conj           ###.         3%          1    None
b - Blink                 Tloc           N/A          17%         2    #......
c - Repel Missiles        Chrm/Air       #.....       21%         2    #......
d - Mephitic Cloud        Conj/Pois/Air  #.......     24%         3    ###....


Dungeon Overview and Level Annotations

Branches:
Dungeon (3/15)

Altars:
Gozag
Ru
Yredelemnul


Innate Abilities, Weirdness & Mutations

When hurt, damage is shared between your health and your magic reserves.


Message History

You climb downwards.
You hear the sound of rushing water.
There is an entrance to a sewer on this level.
Hurry and find it before the portal rusts away!
An orc comes into view. It is wielding a short sword.
The gnoll barely misses you. The gnoll hits you with a halberd!
There is a stone staircase leading up here.
The gnoll hits you. The gnoll hits you with a halberd!
The orc priest invokes the aid of Beogh against you.
Beogh smites you!
* * * LOW HITPOINT WARNING * * *
The orc shouts! x2
You climb upwards.
There is a stone staircase leading down here.
Casting: Magic Dart
Confirm with . or Enter, or press ? or * to list all spells.
You don't have enough magic to cast that spell.
The gnoll hits you from afar with a halberd!
Ouch! That really hurt!
You die...
Your body crumbles into a pile of gold.

#.##...##.###.##.# #...
#.#.....#.....##.######<##
#.......###.#............#
#.#...........[.....###..#
#.#....###...............#
#.#...)###..####.##.##...#
#....#......# #.##.##...#
###......#..# #.#...###.#
####.#.###@g.# #..###.##.#
#.....## ##>.####.## ##[#.#
#.###.# #.g....## ##..#
#.###.## ##..###.# #..#
#......###...# #.## ##..#
#.#####...#.## ##.## ##...#
#.# ##.##.# #..###....#
#.######.##.# #..........
#......#.##.#####........##


You could see 2 gnolls.

Vanquished Creatures
  2 gnolls (D:2)
  2 adders (D:2)
  An ooze (D:2)
  3 worms (D:2)
  2 dart slugs
  3 giant geckos (D:2)
  4 bats
  3 goblins (D:2)
  9 hobgoblins
  3 jackals (D:1)
  6 kobolds
  A quokka (D:2)
  A ball python (D:1)
  A giant newt (D:1)
  2 gnoll zombies (D:2)
  5 rats
48 creatures vanquished.

Notes
Turn   | Place    | Note
--------------------------------------------------------------
     0 | D:1      | Chiseanne the Demonspawn Wizard began the quest for the Orb.
     0 | D:1      | Reached XP level 1. HP: 13/13 MP: 4/4
   667 | D:1      | Gained mutation: When hurt, damage is shared between your health and your magic reserves. [demonic ancestry]
   667 | D:1      | Reached XP level 2. HP: 14/19 MP: 1/6
  1619 | D:2      | Learned a level 2 spell: Blink
  1622 | D:2      | Learned a level 2 spell: Repel Missiles
  1653 | D:2      | Found a sacrificial altar of Ru.
  1841 | D:2      | Reached XP level 3. HP: 24/24 MP: 5/7
  2001 | D:2      | Learned a level 3 spell: Mephitic Cloud
  2262 | D:2      | Found a basalt altar of Yredelemnul.
  2368 | D:2      | Found a faded altar to an unknown god.
  2748 | D:2      | Found an opulent altar of Gozag.
  3596 | D:2      | Reached XP level 4. HP: 25/30 MP: 0/9
  3900 | D:2      | Became a worshipper of Gozag Ym Sagoz the Greedy
  4513 | D:2      | Reached skill level 4 in Spellcasting
  4555 | D:3      | HP: 1/30 [orc priest/divine providence (11)]
  4557 | D:2      | Mangled by a gnoll

Skill      XL: |  1  2  3  4 |
---------------+-------------+-----
Conjurations   | 2 3 |  3.3
Spellcasting   | 4 |  4.0
Dodging        | |  1.7
Stealth        | |  1.7
Summonings     | |  1.0
Translocations | |  0.8

Action                   |  1- 3 |  4- 6 || total
-------------------------+-------+-------++-------
Melee: Club              |    22 |       ||    22
       Unarmed           |     7 |       ||     7
       Short sword       |    16 |       ||    16
       Dagger            |       |     9 ||     9
 Cast: Magic Dart        |   154 |    24 ||   178
       Repel Missiles    |     1 |     1 ||     2
       Blink             |       |     8 ||     8
       Mephitic Cloud    |       |     2 ||     2
  Use: Scroll            |     7 |     1 ||     8
       Potion            |     1 |       ||     1
  Eat: Chunk             |     4 |     1 ||     5
       Fruit             |     3 |       ||     3
       Meat ration       |       |     1 ||     1
Armor: Robe              |    25 |    10 ||    35
Dodge: Dodged            |    79 |    11 ||    90
       Deflected         |     1 |     1 ||     2
